 Dungeon Crawl Stone Soup version 0.31-a0-237-g2d982f9f85 (webtiles) character file.

Game seed: 13905329479485192439

51 qw the Shooter (level 3, 0/29 HPs)
             Began as a Minotaur Hexslinger on July 10, 2023.
             Slain by a gnoll
             ... wielding a +0 flail
              (6 damage)
             ... on level 2 of the Dungeon.
             The game lasted 00:00:19 (721 turns).

qw the Shooter (Minotaur Hexslinger)                 Turns: 721, Time: 00:00:19

Health: 0/29       AC:  2    Str: 12    XL:     3   Next: 58%
Magic:  3/3        EV: 12    Int: 10    God:
Gold:   45         SH:  0    Dex: 14    Spells: 3/4 levels left

rFire   . . .        h - +2 sling (flame)
rCold   . . .        (no shield)
rNeg    . . .        c - +0 robe
rPois   .            (helmet restricted)
rElec   .            (no cloak)
rCorr   .            (no gloves)
SInv    .            (no boots)
Will    .....        (no amulet)
Stlth   +            (no ring)
HPRegen 0.24/turn    (no ring)
MPRegen 0.08/turn

%: no passive effects
@: no status effects
A: horns 2, retaliatory headbutt
a: no special abilities


You were on level 2 of the Dungeon.
You visited 1 branch of the dungeon, and saw 2 of its levels.

You collected 45 gold pieces.


Innate Abilities, Weirdness & Mutations

You have a pair of horns on your head.
You reflexively headbutt those who attack you in melee.


   Skills:
 - Level 2.0 Fighting
 + Level 4.1 Ranged Weapons
 - Level 2.1 Dodging
 - Level 1.0 Spellcasting
 - Level 2.0 Hexes


You had 3 spell levels left.
You knew the following spells:

 Your Spells              Type           Power      Damage    Failure   Level
a - Slow                  Hex            16%        N/A       16%         1

Your spell library contained the following spells:

 Spells                   Type           Power      Damage    Failure   Level
 Inner Flame              Hex/Fire       2%         N/A       56%         3
 Portal Projectile        Hex/Tloc       4%         N/A       56%         3
 Cause Fear               Hex            2%         N/A       83%         4

Inventory:

Hand Weapons
 h - a +2 sling of flaming (weapon)
Armour
 c - a +0 robe (worn)
Jewellery
 g - an amulet of guardian spirit
Scrolls
 a - a scroll of enchant armour {unknown}
 b - a scroll of poison
 e - a scroll of identify {unknown}
 f - a scroll of amnesia {unknown}
 i - a scroll of fear {unknown}
Potions
 d - a potion of enlightenment {unknown}
 j - a potion of magic {unknown}

Dungeon Overview and Level Annotations

Branches:
Dungeon (1/15)

Altars:


Message History

A gnoll comes into view. It is wielding a +0 flail.
A gnoll comes into view. It is wielding a +0 spear.
You shoot a sling bullet.
The sling bullet barely misses the gnoll.
The gnoll shouts! x2
The sling bullet hits the gnoll.
The sling bullet burns the gnoll.
The gnoll is severely wounded.
A kobold comes into view. It is wielding a +0 whip.
A rat comes into view.
You shoot a sling bullet. The kobold shouts!
The sling bullet hits the rat.
The sling bullet burns the rat.
The rat is severely wounded.
You hear a shout!
You shoot a sling bullet. The sling bullet hits the rat.
The sling bullet burns the rat.
You kill the rat!
You shoot a sling bullet. The sling bullet hits the gnoll.
The sling bullet burns the gnoll.
The gnoll is almost dead.
You shoot a sling bullet. The sling bullet hits the kobold.
The sling bullet burns the kobold.
You kill the kobold!
You shoot a sling bullet.
The sling bullet hits the gnoll but does no damage.
The gnoll is almost dead.
The gnoll barely misses you.
You shoot a sling bullet. The sling bullet hits the gnoll.
The sling bullet burns the gnoll.
The gnoll is heavily wounded.
The gnoll hits you with a +0 flail.
The gnoll hits you from afar with a +0 spear!
You shoot a sling bullet. The sling bullet hits the gnoll.
The sling bullet burns the gnoll.
The gnoll is severely wounded.
The gnoll hits you with a +0 flail!
The gnoll hits you from afar with a +0 spear.
A hobgoblin comes into view.
The gnoll hits you with a +0 flail.
You die...

#.# #.# #....#.# #.#
#.# #.# #..#.#.# #.#
#.# #.#######.#.#.#
#.# #.#
#...........#.# .#
#.############..###(#
#(..............%...#
##############..#####
#..###### #.@gg...#
#.##g..).. #.# .%....
#.# ..... #.# .....
#.# ..g. #.# . ...
#.#


You could see 3 gnolls and a hobgoblin.

Vanquished Creatures
  An adder (D:2)
  A gnoll (D:2)
  2 dart slugs
  3 ball pythons
  2 endoplasms (D:1)
  3 hobgoblins (D:1)
  3 kobolds
  2 quokkas (D:1)
  4 bats
  A goblin (D:1)
  6 rats
28 creatures vanquished.

Notes
Turn   | Place    | Note
-------+----------+-------------------------------------------
     0 | D:1      | qw the Minotaur Hexslinger began the quest for the Orb.
     0 | D:1      | Reached XP level 1. HP: 16/16 MP: 1/1
     0 | D:1      | 0 ||| qw: Version: 0.3-a-52-g30416fa
     0 | D:1      | 0 ||| qw: Game counter: 5037
     0 | D:1      | 0 ||| qw: Melee chars always use a shield: true
     0 | D:1      | 0 ||| qw: God list: Okawaru
     0 | D:1      | 0 ||| qw: Allow faded altars: false
     0 | D:1      | 0 ||| qw: Do Orc after clearing Dungeon:15 true
     0 | D:1      | 0 ||| qw: Do second Lair branch before Depths: true
     0 | D:1      | 0 ||| qw: Lair rune preference: random
     0 | D:1      | 0 ||| qw: Goals: Normal
     0 | D:1      | 0 ||| PLANNING D:1-11
    91 | D:1      | Reached skill level 3 in Ranged Weapons
   117 | D:1      | Reached XP level 2. HP: 23/23 MP: 2/2
   329 | D:1      | 329 ||| SWAPPING to +2 sling of flaming.
   330 | D:1      | 330 ||| DROPPING +1 sling.
   526 | D:1      | You fall into a shaft and drop 1 floor!
   596 | D:2      | Reached XP level 3. HP: 22/29 MP: 3/3
   713 | D:2      | Reached skill level 4 in Ranged Weapons
   721 | D:2      | HP: 6/29 [gnoll/+0 spear (6)]
   721 | D:2      | Slain by a gnoll

Levels and vault maps discovered:
D:1:      scummos_arrival_forest, layout_basic, corner_web_ring
D:2:      layout_basic, grunt_ministairs_15, uniq_jessica

Skill      XL: |  1  2  3 |
---------------+----------+-----
Ranged Weapons | 3 4 |  4.1
Fighting       | 2 |  2.0
Dodging        | |  2.1
Spellcasting   | |  1.0
Hexes          | |  2.0

Action                     || total
---------------------------++-------
   Fire: Sling             ||    88
 Armour: Robe              ||     6
  Dodge: Dodged            ||    26

Table legend:
 A = Non-vault XP
 B = Vault XP
 C = Vault XP percentage of total XP
 D = Non-vault monster count
 E = Vault monster count
 F = Vault count percentage of total count
                 A         B        C        D         E       F
            +---------+---------+-------+---------+---------+-------
      Total |      74 |       0 |   0.0 |      28 |       0 |   0.0
            +---------+---------+-------+---------+---------+-------
        D:1 |      33 |       0 |   0.0 |      18 |       0 |   0.0
        D:2 |      41 |       0 |   0.0 |      10 |       0 |   0.0
            +---------+---------+-------+---------+---------+-------
